[Event "Commonwealth Open 2019"]
[Site "Delhi"]
[Date "2019.07.03"]
[Round "5.3"]
[White "Narayanan.S.L"]
[Black "Divya, Deshmukh"]
[Result "1-0"]
[ECO "A05"]
[WhiteElo "2603"]
[BlackElo "2414"]
[Annotator "ChessBase"]
[PlyCount "69"]
[EventDate "2019.06.30"]
[EventType "swiss"]
[EventCountry "IND"]
[SourceTitle "playchess.com"]
[Source "ChessBase"]
[SourceQuality "1"]
[TimeControl "5400+30"]

1. Nf3 Nf6 2. c4 g6 3. Nc3 d5 4. cxd5 Nxd5 5. Qb3 Nb6 6. d4 Bg7 7. Bf4 O-O 8. e3 c6 9. Be2 Be6 10. Qc2 N8d7 11. O-O Bg4 12. Rfd1 Qc8 13. Bg3 c5 14. Rac1 cxd4 15. Nxd4 Nf6 16. h3 Bxe2 17. Qxe2 Qc5 18. Qf3 Nh5 19. Bh2 e5 20. Ndb5 Qe7 21. a4 a5 22. Rd6 Ra6 23. Rcd1 Nc4 24. Rd7 Qf6 25. Qxb7 Re6 26. Nc7 Rd6 27. N7d5 Qe6 28. Rxd6 Nxd6 29. Qe7 Nc8 30. Qxe6 fxe6 31. Nc7 Kf7 32. Rd7+ Ne7 33. Ne4 Bf6 34. g4 Ng7 35. g5 1-0

[Event "Commonwealth Open 2019"]
[Site "Delhi"]
[Date "2019.07.03"]
[Round "5.4"]
[White "Aravindh, Chithambaram Vr."]
[Black "Tania, Sachdev"]
[Result "1-0"]
[ECO "E36"]
[WhiteElo "2598"]
[BlackElo "2401"]
[Annotator "ChessBase"]
[PlyCount "98"]
[EventDate "2019.06.30"]
[EventType "swiss"]
[EventCountry "IND"]
[SourceTitle "playchess.com"]
[Source "ChessBase"]
[SourceQuality "1"]
[TimeControl "5400+30"]

1. d4 Nf6 2. c4 e6 3. Nc3 Bb4 4. Qc2 d5 5. a3 Bxc3+ 6. Qxc3 dxc4 7. Qxc4 b6 8. Bg5 Ba6 9. Qc3 O-O 10. Nf3 Nbd7 11. Ne5 Bb7 12. Rd1 Rc8 13. Qd2 Nd5 14. Bh4 f6 15. Nc4 Ne7 16. f3 Nf5 17. Bf2 Nd6 18. e3 Qe7 19. Bd3 Rfd8 20. O-O Nxc4 21. Bxc4 Ne5 22. Be2 c5 23. Rc1 Nc6 24. Rfe1 cxd4 25. exd4 Nxd4 26. Bxd4 Rxc1 27. Rxc1 e5 28. Qb4 Qxb4 29. axb4 exd4 30. Rc7 d3 31. Bd1 Bd5 32. Kf2 a6 33. Ke3 Kf8 34. Kd2 Bf7 35. Rc6 a5 36. Rxb6 axb4 37. Rxb4 Bg6 38. Rb7 Rc8 39. f4 Rd8 40. Rb5 Ke7 41. Rb7+ {[%emt 0:30:57] Bf7 Rb5} Kf8 42. Rb4 Rd7 43. Bf3 {[%emt 0:01:14] g5 g4 Kg7} Be4 {[%emt 0:00:00] h5} 44. h3 {[%emt 0:00:00] Kf8 Bxd3 hxg4 hxg4} Bd5 45. Ke3 Ke7 46. Be4 Ba2 47. b3 {[%emt 0:01:43] Rd1} Rb7 {[%emt 0:00:36] Kd6} 48. Rb6 {[%emt 0:00:00] Kc5 Rc6+ Kb4 Rxf6} Bxb3 {[%emt 0:00:00] Rg6 Re1+} 49. Kd4 {[%emt 0:00:36] Rd1+ Ke5 Re1} Rxb6 {[%emt 0:00:00] Ka3 Rxb3+ Kxb3} 1-0

[Event "Commonwealth Open 2019"]
[Site "Delhi"]
[Date "2019.07.03"]
[Round "5.5"]
[White "Lalith, Babu M R"]
[Black "Rathnakaran, K.."]
[Result "1-0"]
[ECO "A04"]
[WhiteElo "2571"]
[BlackElo "2338"]
[Annotator "ChessBase"]
[PlyCount "63"]
[EventDate "2019.06.30"]
[EventType "swiss"]
[EventCountry "IND"]
[SourceTitle "playchess.com"]
[Source "ChessBase"]
[SourceQuality "1"]
[TimeControl "5400+30"]

1. Nf3 g6 2. d4 Bg7 3. c4 d6 4. Nc3 Nd7 5. e4 e5 6. Be2 Ne7 7. h4 exd4 8. Nxd4 c6 9. h5 Qb6 10. Nb3 Qc7 11. Be3 gxh5 12. Qd2 Ne5 13. Bd4 Rg8 14. f4 N5g6 15. Bxg7 Rxg7 16. O-O-O d5 17. f5 Nf4 18. cxd5 cxd5 19. Bb5+ Bd7 20. Bxd7+ Kxd7 21. Rdf1 Rg4 22. g3 a5 23. Rxf4 a4 24. Nd4 a3 25. Rxg4 hxg4 26. f6 axb2+ 27. Kb1 Ng6 {[%emt 0:00:33] Kc1 Ne7+ Kb1 Ng6} 28. Ndb5 Qc4 29. Rxh7 Ne5 30. Qxd5+ Qxd5 31. exd5 b6 32. Kxb2 1-0

[Event "Commonwealth Open 2019"]
[Site "Delhi"]
[Date "2019.07.03"]
[Round "5.7"]
[White "Thipsay, Praveen M"]
[Black "Erigaisi, Arjun"]
[Result "0-1"]
[ECO "C02"]
[WhiteElo "2405"]
[BlackElo "2526"]
[Annotator "ChessBase"]
[PlyCount "96"]
[EventDate "2019.06.30"]
[EventType "swiss"]
[EventCountry "IND"]
[SourceTitle "playchess.com"]
[Source "ChessBase"]
[SourceQuality "1"]
[TimeControl "5400+30"]

1. e4 e6 2. d4 d5 3. e5 c5 4. c3 Nc6 5. Nf3 Qb6 6. a3 Nh6 7. b4 cxd4 8. Bxh6 gxh6 9. cxd4 Bd7 10. Ra2 Rc8 11. Be2 Bg7 12. O-O O-O 13. Rd2 a6 14. Rd3 Qd8 15. Nc3 b6 16. g3 f6 17. exf6 Qxf6 18. Ne5 Be8 19. f4 Nxd4 20. Rxd4 Rxc3 21. Qa1 Re3 22. Bxa6 Rxe5 23. fxe5 Qxe5 24. Rxf8+ Kxf8 25. Qf1+ Ke7 26. Rd1 Bh5 27. Re1 Qc3 28. Be2 Bg6 29. Bf3 Kd6 30. Rd1 Qxa3 31. b5 Qe3+ 32. Kg2 Bd4 33. Rc1 Bd3 34. Qd1 Bxb5 35. Qc2 Bc4 36. Rd1 e5 37. Rc1 b5 38. Bg4 e4 39. Kh3 Qd3 40. Qg2 b4 41. Rd1 Qe3 42. Rf1 b3 43. Rf7 Qe1 44. Kh4 b2 45. Qh3 Qd2 46. Rd7+ Kc6 47. Rxd5 Bf6+ 48. Kh5 Qxd5+ 0-1

[Event "Commonwealth Open 2019"]
[Site "Delhi"]
[Date "2019.07.03"]
[Round "5.8"]
[White "Swayams, Mishra"]
[Black "Kulkarni, Bhakti"]
[Result "0-1"]
[ECO "D58"]
[WhiteElo "2493"]
[BlackElo "2380"]
[Annotator "ChessBase"]
[PlyCount "115"]
[EventDate "2019.06.30"]
[EventType "swiss"]
[EventCountry "IND"]
[SourceTitle "playchess.com"]
[Source "ChessBase"]
[SourceQuality "1"]
[TimeControl "5400+30"]

1. c4 e6 2. Nf3 d5 3. d4 Nf6 4. Nc3 Be7 5. Bg5 h6 6. Bh4 O-O 7. e3 b6 8. g4 Ne4 9. Bxe7 Qxe7 10. h4 g6 11. g5 Nxc3 12. bxc3 h5 13. Ne5 Nd7 14. f4 Ba6 15. cxd5 Bxf1 16. Rxf1 exd5 17. Qf3 Nxe5 18. fxe5 Qa3 19. Qxd5 Qxc3+ 20. Kf2 c5 21. Rad1 cxd4 22. exd4 Rac8 23. Kg2 Qc2+ 24. Kg1 Qc3 25. Kg2 Qc2+ 26. Kg1 Qe2 27. Qg2 Rc2 28. Qxe2 Rxe2 29. Rf6 Re4 30. Rd2 Rxh4 31. d5 Rg4+ 32. Rg2 Rd4 33. Rd6 Re8 34. e6 fxe6 35. Re2 Rg4+ 36. Kh2 Rxg5 37. Rd7 Rf5 38. dxe6 Kf8 39. e7+ Kf7 40. Rxa7 g5 41. Kg3 Rf4 42. Rb7 Rf6 43. Re5 Kg6 44. Rd7 h4+ 45. Kg2 g4 46. Rd4 h3+ 47. Kg1 Kf7 48. Rxg4 Rxe7 49. Rxe7+ Kxe7 50. Rh4 Rg6+ 51. Kh1 Kd6 52. Rxh3 Kc5 53. Rb3 b5 54. a3 Rg4 55. Kh2 Kb6 {[%emt 0:00:25] Kg2 Rd4 Kf2 Ka5} 56. Rh3 {[%emt 0:00:50] Ka4 Ke1 Rd2 Rh5 Rb2 Kd1 Kxa3 Kc1} b4 57. Rh8 {[%emt 0:02:28] Ka2 Ra8+ Kb3 Rb8 Rh2 Rb7 Rh1+ Kd2 Rb1 Rb8 Ka2 Rb7} b3 58. Rb8+ {[%emt 0:00:00] Kb2 Rb7 Ra1 Rh7 Ra5 Kd3 Ka2 Rb7 b2 Kc3 b1=Q Kd4} 0-1

[Event "Commonwealth Open 2019"]
[Site "Delhi"]
[Date "2019.07.03"]
[Round "5.9"]
[White "Swapnil, S. Dhopade"]
[Black "Navalgund, Niranjan"]
[Result "1-0"]
[ECO "A05"]
[WhiteElo "2488"]
[BlackElo "2326"]
[Annotator "ChessBase"]
[PlyCount "91"]
[EventDate "2019.06.30"]
[EventType "swiss"]
[EventCountry "IND"]
[SourceTitle "playchess.com"]
[Source "ChessBase"]
[SourceQuality "1"]
[TimeControl "5400+30"]

1. Nf3 Nf6 2. g3 b6 3. d4 c5 4. d5 Bb7 5. c4 b5 6. Bg2 bxc4 7. Nc3 e6 8. Ne5 Qc8 9. O-O Be7 10. Nxc4 exd5 11. Nxd5 Nxd5 12. Bxd5 Bxd5 13. Qxd5 Qc6 14. Rd1 Qxd5 15. Rxd5 Na6 16. Bf4 Nb4 17. Nd6+ Bxd6 18. Rxd6 Ke7 19. Rad1 Rhd8 20. a3 Nc6 21. R6d5 Nd4 22. Bd6+ Ke6 23. Rxc5 Kxd6 24. b4 Ke7 25. Rxd4 Rac8 26. Re5+ Kf8 27. Ra5 Rc7 28. Rd6 Rb8 29. Rda6 Rbb7 30. h4 Ke7 31. h5 h6 32. Kg2 Kf8 33. e4 Ke7 34. g4 Kf8 35. Kg3 Rc3+ 36. f3 Rcc7 37. Kf4 Ke7 38. Ke3 Rc3+ 39. Ke2 Rbc7 40. Rxa7 Rc2+ 41. Ke3 R7c3+ 42. Kf4 Rf2 43. Re5+ Kd8 44. Ra8+ Kc7 45. Rc5+ Rxc5 46. bxc5 1-0

[Event "Commonwealth Open 2019"]
[Site "Delhi"]
[Date "2019.07.03"]
[Round "5.10"]
[White "Nitin, S.."]
[Black "Krishna, C R G"]
[Result "1-0"]
[ECO "A06"]
[WhiteElo "2398"]
[BlackElo "2481"]
[Annotator "ChessBase"]
[PlyCount "133"]
[EventDate "2019.06.30"]
[EventType "swiss"]
[EventCountry "IND"]
[SourceTitle "playchess.com"]
[Source "ChessBase"]
[SourceQuality "1"]
[TimeControl "5400+30"]

1. Nf3 d5 2. g3 c6 3. Bg2 Bg4 4. O-O Nd7 5. d3 e6 6. Nbd2 Bd6 7. Qe1 Ne7 8. e4 O-O 9. h3 Bh5 10. d4 c5 11. e5 Bc7 12. c3 Nc6 13. Nb3 cxd4 14. cxd4 a5 15. a4 Qb8 16. Qe2 Qa7 17. Be3 Qb6 18. Nbd2 Bd8 19. Qe1 Bc7 20. Qe2 Bd8 21. Rfc1 Be7 22. Qb5 Rfc8 23. Bf1 Rc7 24. Ne1 Rac8 25. Nb3 Bg6 26. f4 Bb4 27. Nd3 Bxd3 28. Qxd3 Ne7 29. Bf2 Rxc1 30. Rxc1 Rxc1 31. Nxc1 Qc6 32. Qd1 Nb6 33. Bb5 Qc7 34. Nd3 Nec8 35. Nxb4 axb4 36. Be1 Na7 37. Bd3 Nc6 38. Qc2 b3 39. Qxb3 Nxd4 40. Qc3 Qxc3 41. Bxc3 Nc6 42. b3 Kf8 43. Kf2 h6 44. Bb5 Nd7 45. b4 Ke8 46. a5 Ncb8 47. Be2 Kd8 48. b5 Nc5 49. Bd4 Nbd7 50. Bd1 b6 51. a6 Kc7 52. Bc2 Nf8 53. g4 Ncd7 54. h4 Nc5 55. Kg3 Nfd7 56. h5 Nf8 57. g5 Ncd7 58. Kh4 Nc5 59. gxh6 gxh6 60. Be3 Ne4 61. Bxe4 dxe4 62. f5 exf5 63. Bxh6 Ne6 64. Kg3 Kb8 65. Be3 Ka7 66. h6 Nf8 67. Kf4 1-0

[Event "Commonwealth Open 2019"]
[Site "Delhi"]
[Date "2019.07.03"]
[Round "5.11"]
[White "Kunte, Abhijit"]
[Black "Bhambure, Shantanu"]
[Result "1/2-1/2"]
[ECO "A05"]
[WhiteElo "2478"]
[BlackElo "2248"]
[Annotator "ChessBase"]
[PlyCount "60"]
[EventDate "2019.06.30"]
[EventType "swiss"]
[EventCountry "IND"]
[SourceTitle "playchess.com"]
[Source "ChessBase"]
[SourceQuality "1"]
[TimeControl "5400+30"]

1. Nf3 Nf6 2. g3 d5 3. Bg2 e6 4. O-O c5 5. c4 dxc4 6. Na3 Nc6 7. Nxc4 Be7 8. b3 O-O 9. Bb2 Qc7 10. Rc1 Rd8 11. Nfe5 Bd7 12. a4 Rac8 13. e3 Be8 14. g4 Nd5 15. f4 f6 16. Nxc6 Bxc6 17. g5 Nb4 18. gxf6 Bxf6 19. Bxc6 Qxc6 20. Bxf6 gxf6 21. Qf3 Qxf3 22. Rxf3 Rd3 23. Rb1 Kf7 24. Kf2 Rg8 25. Rg3 Rg6 26. Ke2 Kg7 27. Na5 Rd7 28. Nc4 Rd3 29. Na5 Rd7 30. Nc4 Rd3 1/2-1/2

[Event "Commonwealth Open 2019"]
[Site "Delhi"]
[Date "2019.07.03"]
[Round "5.12"]
[White "Wagh, Suyog"]
[Black "Thejkumar, M. S."]
[Result "1/2-1/2"]
[ECO "A06"]
[WhiteElo "2250"]
[BlackElo "2458"]
[Annotator "ChessBase"]
[PlyCount "80"]
[EventDate "2019.06.30"]
[EventType "swiss"]
[EventCountry "IND"]
[SourceTitle "playchess.com"]
[Source "ChessBase"]
[SourceQuality "1"]
[TimeControl "5400+30"]

1. Nf3 d5 2. g3 Nf6 3. Bg2 Bf5 4. O-O e6 5. d3 h6 6. c4 c6 7. b3 Be7 8. Nbd2 O-O 9. Bb2 a5 10. a3 Nbd7 11. Ra2 Bh7 12. Qa1 Re8 13. Ne5 Nc5 14. Bc3 Bf8 15. Rc2 Nfd7 16. Rcc1 Nxe5 17. Bxe5 f6 18. Bb2 Kh8 19. d4 Ne4 20. Nxe4 dxe4 21. Bc3 Qe7 22. c5 Qd7 23. Qb2 Be7 24. b4 Bd8 25. bxa5 Bxa5 26. Bxa5 Rxa5 27. e3 e5 28. Rfd1 exd4 29. Rxd4 Qe7 30. Rb4 Rxc5 31. Rxc5 Qxc5 32. Rxb7 Bg8 33. h3 Qd6 34. Kh2 Bd5 35. Rb4 c5 36. Rb5 Bc4 37. Rb6 Qc7 38. Rb7 Qd6 39. Rb6 Qc7 40. Rb7 Qd6 1/2-1/2

[Event "Commonwealth Open 2019"]
[Site "Delhi"]
[Date "2019.07.03"]
[Round "5.13"]
[White "Ajay Karthikeyan"]
[Black "Jubin Jimmy"]
[Result "1-0"]
[ECO "A45"]
[WhiteElo "2216"]
[BlackElo "2219"]
[Annotator "NA"]
[PlyCount "105"]
[EventDate "2019.06.30"]
[EventType "swiss"]
[EventCountry "IND"]
[SourceTitle "playchess.com"]
[Source "ChessBase"]
[SourceQuality "1"]
[TimeControl "5400+30"]

1. d4 Nf6 2. Bf4 e6 3. e3 d5 4. Nf3 c5 5. c3 Bd6 6. Bg3 O-O 7. Nbd2 Qc7 8. dxc5 Qxc5 9. Bd3 Qc7 10. O-O Bxg3 11. hxg3 Nbd7 12. e4 dxe4 13. Nxe4 Nxe4 14. Bxe4 Nf6 15. Qe2 Bd7 16. Ne5 Rfd8 17. Bc2 Bc6 18. Rfd1 h6 19. Qe3 Nd5 20. Qd4 a6 21. Nxc6 Qxc6 22. Qd3 g6 23. Qd2 Kg7 24. Qd4+ Nf6 25. Qe5 Qb6 26. c4 Rxd1+ 27. Rxd1 Rd8 28. c5 Rxd1+ 29. Bxd1 Qb4 30. Bf3 g5 31. a3 Qd2 32. g4 Kg6 33. g3 Qd7 34. Kg2 Kg7 35. b4 Qe7 36. a4 Qd7 37. a5 Qb5 38. Qc3 Kg6 39. c6 bxc6 40. Bxc6 Qb8 41. Qd3+ Kg7 42. Qxa6 Qxb4 43. Qb6 Qc4 44. a6 Nd5 45. Bxd5 Qxd5+ 46. Kh2 e5 47. a7 Qf3 48. Qe3 Qd5 49. Qa3 Qa8 50. Qa6 h5 51. gxh5 e4 52. h6+ Kh7 53. Qf6 1-0

[Event "Commonwealth Open 2019"]
[Site "Delhi"]
[Date "2019.07.03"]
[Round "5.14"]
[White "Iniyan, P."]
[Black "Arpita, Mukherjee"]
[Result "1-0"]
[ECO "A50"]
[WhiteElo "2525"]
[BlackElo "2248"]
[Annotator "ChessBase"]
[PlyCount "61"]
[EventDate "2019.06.30"]
[EventType "swiss"]
[EventCountry "IND"]
[SourceTitle "playchess.com"]
[Source "ChessBase"]
[SourceQuality "1"]
[TimeControl "5400+30"]

1. d4 Nf6 2. c4 b6 3. Nc3 Bb7 4. Nf3 Ne4 5. e3 e6 6. Bd3 Nxc3 7. bxc3 d5 8. O-O Bd6 9. cxd5 exd5 10. Qc2 c5 11. dxc5 bxc5 12. c4 dxc4 13. Be4 Qc7 14. Bxb7 Qxb7 15. Rd1 Be7 16. Rb1 Qa6 17. Qe4 Qg6 18. Qb7 O-O 19. Ne5 Qe6 20. Qxa8 Qxe5 21. Bb2 c3 22. Bxc3 Qxc3 23. Rxb8 Qc2 24. Rxf8+ Bxf8 25. Qd5 c4 26. Qd2 Qa4 27. Rc1 Ba3 28. Qc2 Qe8 29. Rd1 Qc8 30. Qc3 Be7 31. Rc1 1-0

[Event "Commonwealth Open 2019"]
[Site "Delhi"]
[Date "2019.07.03"]
[Round "5.16"]
[White "Vaishali, R."]
[Black "Mahindrakar Indrajeet"]
[Result "1-0"]
[ECO "B00"]
[WhiteElo "2338"]
[BlackElo "2092"]
[Annotator "NA"]
[PlyCount "56"]
[EventDate "2019.06.30"]
[EventType "swiss"]
[EventCountry "IND"]
[SourceTitle "playchess.com"]
[Source "ChessBase"]
[SourceQuality "1"]
[TimeControl "5400+30"]

1. e4 Nc6 2. Nf3 d6 3. d4 Nf6 4. Nc3 g6 5. d5 Nb8 6. Be3 Bg7 7. Qd2 O-O 8. Bh6 c6 9. O-O-O cxd5 10. exd5 Bg4 11. Be2 Nbd7 12. Bxg7 Kxg7 13. h3 Bxf3 14. Bxf3 Qa5 15. g4 h6 16. Be2 b5 17. a3 Rab8 18. h4 b4 19. Na2 Qb6 20. axb4 Rfc8 21. g5 hxg5 22. hxg5 Ne4 23. Qf4 Nxf2 24. Rdf1 Ne5 25. Rxf2 Rh8 26. Rfh2 Rxh2 27. Qxh2 Qe3+ 28. Kb1 Ra8 1-0

[Event "Commonwealth Open 2019"]
[Site "Delhi"]
[Date "2019.07.03"]
[Round "5.17"]
[White "Sangma, Rahul"]
[Black "Patil, Harshal"]
[Result "1-0"]
[ECO "A05"]
[WhiteElo "2298"]
[BlackElo "1809"]
[Annotator "NA"]
[PlyCount "52"]
[EventDate "2019.06.30"]
[EventType "swiss"]
[EventCountry "IND"]
[SourceTitle "playchess.com"]
[Source "ChessBase"]
[SourceQuality "1"]
[TimeControl "5400+30"]

1. Nf3 Nf6 2. c4 b6 3. g3 Bb7 4. Bg2 e6 5. b3 Be7 6. Bb2 O-O 7. O-O c5 8. Nc3 d5 9. e3 Nc6 10. cxd5 Nxd5 11. Nxd5 Qxd5 12. d4 Rfd8 13. Ne5 Qd6 14. Qf3 Nxe5 15. Qxb7 cxd4 16. Rad1 Bf6 17. Rxd4 Qc5 18. Rfd1 Rdc8 19. Qa6 h5 20. Bxa8 Rxa8 21. Rc1 Qf8 22. Kg2 Ng4 23. Rd2 Qb4 24. Rc8+ Rxc8 25. Qxc8+ Kh7 26. Qc2+ {[%emt 0:01:38] Bxb2 h3+ Bf6 hxg4+} Kh6 {[%emt 0:03:04] gxh5} 1-0

[Event "Commonwealth Open 2019"]
[Site "Delhi"]
[Date "2019.07.03"]
[Round "5.18"]
[White "Kumar, Gaurav"]
[Black "Srihari L R"]
[Result "1/2-1/2"]
[ECO "B07"]
[WhiteElo "2110"]
[BlackElo "2200"]
[Annotator "NA"]
[PlyCount "119"]
[EventDate "2019.06.30"]
[EventType "swiss"]
[EventCountry "IND"]
[SourceTitle "playchess.com"]
[Source "ChessBase"]
[SourceQuality "1"]
[TimeControl "5400+30"]

1. e4 d6 2. d4 Nf6 3. Nc3 e5 4. dxe5 dxe5 5. Qxd8+ Kxd8 6. Nf3 Bd6 7. Bg5 Be6 8. O-O-O Nbd7 9. Bxf6+ gxf6 10. Nh4 Bc5 11. Nd5 Bxf2 12. Nf5 Kc8 13. Bc4 c6 14. Nde3 Bxe3+ 15. Nxe3 Kc7 16. Rhf1 Rhg8 17. g3 Rg6 18. Be2 Nc5 19. Bc4 Nd7 20. Be2 Nc5 21. Bf3 Rd8 22. Rxd8 Kxd8 23. Nf5 Bxf5 24. exf5 Rg8 25. Rd1+ Ke7 26. c3 Nd7 27. c4 Rg5 28. g4 Rg8 29. Kc2 a5 30. Kc3 Rd8 31. a3 Nc5 32. Rxd8 Kxd8 33. b4 axb4+ 34. axb4 Na4+ 35. Kb3 Nb6 36. c5 Nc8 37. b5 Na7 38. b6 Nb5 39. Kb4 Nd4 40. Be4 Kd7 41. Kc4 Ne2 42. Bf3 Nd4 43. Be4 h6 44. h4 Kd8 45. Kc3 Ne2+ 46. Kc4 Kd7 47. Bg2 Kc8 48. h5 Nd4 49. Be4 Kd8 50. Kd3 Kd7 51. Bg2 Nb3 52. Kc4 Nd4 53. Kd3 Ke7 54. Kc4 Kd8 55. Kd3 Kc8 56. Bh1 Kd7 57. Bg2 Nb5 58. Be4 Nd4 59. Bf3 e4+ 60. Kxe4 1/2-1/2

[Event "Commonwealth Open 2019"]
[Site "Delhi"]
[Date "2019.07.03"]
[Round "5.19"]
[White "Mahalakshmi, M."]
[Black "Sa, Kannan"]
[Result "1/2-1/2"]
[ECO "D45"]
[WhiteElo "2245"]
[BlackElo "1947"]
[Annotator "NA"]
[PlyCount "84"]
[EventDate "2019.06.30"]
[EventType "swiss"]
[EventCountry "IND"]
[SourceTitle "playchess.com"]
[Source "ChessBase"]
[SourceQuality "1"]
[TimeControl "5400+30"]

1. d4 d5 2. c4 e6 3. Nf3 Nf6 4. Nc3 c6 5. e3 Nbd7 6. Qc2 Bd6 7. Bd3 dxc4 8. Bxc4 O-O 9. O-O e5 10. h3 Qe7 11. Bb3 h6 12. Nh4 Re8 13. Nf5 Qf8 14. Nxd6 Qxd6 15. Rd1 e4 16. d5 Nb6 17. dxc6 Qxc6 18. Na4 Qxc2 19. Bxc2 Be6 20. Bd2 Rec8 21. Bc3 Nbd5 22. Bb3 b5 23. Bxf6 Nxf6 24. Bxe6 fxe6 25. Nc3 b4 26. Na4 Rc2 27. Rd6 Kf7 28. Rad1 Rac8 29. Ra6 R8c7 30. Rdd6 Rc1+ 31. Kh2 R7c2 32. Rxa7+ Kg8 33. Rd8+ Kh7 34. Rf8 Re2 35. Rff7 Kg6 36. Rxg7+ Kf5 37. Rab7 h5 38. Rb5+ e5 39. Re7 h4 40. Rexe5+ Kg6 41. Rg5+ Kh6 42. Rgf5 Nh5 1/2-1/2

[Event "Commonwealth Open 2019"]
[Site "Delhi"]
[Date "2019.07.03"]
[Round "5.20"]
[White "Saurabh, Anand"]
[Black "Bhatt, Jalpan"]
[Result "1/2-1/2"]
[ECO "B35"]
[WhiteElo "2351"]
[BlackElo "2001"]
[Annotator "NA"]
[PlyCount "61"]
[EventDate "2019.06.30"]
[EventType "swiss"]
[EventCountry "IND"]
[SourceTitle "playchess.com"]
[Source "ChessBase"]
[SourceQuality "1"]
[TimeControl "5400+30"]

1. e4 c5 2. Nf3 Nc6 3. d4 cxd4 4. Nxd4 g6 5. Nc3 Bg7 6. Be3 Nf6 7. Bc4 O-O 8. Bb3 a5 9. O-O a4 10. Nxa4 Nxe4 11. Nb5 d5 12. Bb6 Qd7 13. Qe2 Ne5 14. Rad1 e6 15. f3 Nd6 16. Nxd6 Qxd6 17. Bc5 Qc7 18. Bxf8 Bxf8 19. Nc3 b6 20. Rfe1 Bd6 21. Nxd5 exd5 22. Rxd5 Ba6 23. Qd2 Nc4 24. Bxc4 Bxh2+ 25. Kh1 Bf4 26. Qd4 Qxc4 27. b3 Qxd4 28. Rxd4 g5 29. a4 Kg7 30. Re7 Kf6 31. Re1 1/2-1/2

[Event "Commonwealth Open 2019"]
[Site "Delhi"]
[Date "2019.07.03"]
[Round "5.21"]
[White "Anilkumar, O.T."]
[Black "Mohota, Nisha"]
[Result "1-0"]
[ECO "D04"]
[WhiteElo "1989"]
[BlackElo "2221"]
[Annotator "NA"]
[PlyCount "77"]
[EventDate "2019.06.30"]
[EventType "swiss"]
[EventCountry "IND"]
[SourceTitle "playchess.com"]
[Source "ChessBase"]
[SourceQuality "1"]
[TimeControl "5400+30"]

1. d4 Nf6 2. Nf3 d5 3. e3 c6 4. Be2 g6 5. Nbd2 Bg7 6. O-O Nbd7 7. c4 O-O 8. b3 a6 9. Bb2 e6 10. Qc2 b5 11. cxd5 cxd5 12. Ba3 Re8 13. Rfc1 Ra7 14. Bd6 Bb7 15. a4 bxa4 16. bxa4 Ne4 17. Nxe4 dxe4 18. Nd2 Qa8 19. a5 e5 20. Qa4 exd4 21. Rc7 Bc8 22. Rac1 dxe3 23. fxe3 h5 24. Qb3 Be5 25. Bxe5 Nxe5 26. Nxe4 Qxe4 27. Rxa7 Be6 28. Qc3 Bd5 29. Bf1 Ng4 30. Qd4 Qf5 31. Qf4 Nxe3 32. Qxf5 gxf5 33. Rxa6 f4 34. Rd6 Re5 35. a6 Rg5 36. Rc5 f3 37. a7 fxg2 38. Bd3 Kf8 39. Rdxd5 1-0

[Event "Commonwealth Open 2019"]
[Site "Delhi"]
[Date "2019.07.03"]
[Round "5.22"]
[White "Aaryan Varshney"]
[Black "Parthasarathy, R."]
[Result "1/2-1/2"]
[ECO "E94"]
[WhiteElo "2284"]
[BlackElo "1988"]
[Annotator "NA"]
[PlyCount "60"]
[EventDate "2019.06.30"]
[EventType "swiss"]
[EventCountry "IND"]
[SourceTitle "playchess.com"]
[Source "ChessBase"]
[SourceQuality "1"]
[TimeControl "5400+30"]

1. d4 Nf6 2. Nf3 g6 3. c4 Bg7 4. Nc3 O-O 5. e4 d6 6. Be2 e5 7. O-O Na6 8. Be3 c6 9. d5 Ng4 10. Bd2 f5 11. a3 Nf6 12. b4 c5 13. Ng5 h6 14. Ne6 Bxe6 15. dxe6 Nc7 16. exf5 gxf5 17. Qb1 e4 18. bxc5 dxc5 19. Rd1 Nxe6 20. Bxh6 Qc7 21. Nd5 Qf7 22. Bxg7 Qxg7 23. Qb2 Nxd5 24. Qxg7+ Kxg7 25. Rxd5 Nf4 26. Rd7+ Rf7 27. Rxf7+ Kxf7 28. Bf1 Rd8 29. Rb1 b6 30. a4 Rd4 1/2-1/2

[Event "Commonwealth Open 2019"]
[Site "Delhi"]
[Date "2019.07.04"]
[Round "6.1"]
[White "Gupta, Abhijeet"]
[Black "Debashis, Das"]
[Result "1-0"]
[ECO "D26"]
[WhiteElo "2606"]
[BlackElo "2544"]
[Annotator "ChessBase"]
[PlyCount "126"]
[EventDate "2019.06.30"]
[EventType "swiss"]
[EventCountry "IND"]
[SourceTitle "playchess.com"]
[Source "ChessBase"]
[SourceQuality "1"]
[TimeControl "5400+30"]

1. d4 d5 2. c4 dxc4 3. Nf3 Nf6 4. e3 e6 5. Bxc4 c5 6. O-O Nc6 7. Nc3 a6 8. dxc5 Qxd1 9. Rxd1 Bxc5 10. b3 Bd7 11. Bb2 Rd8 12. Be2 Be7 13. Na4 O-O 14. Nb6 Be8 15. Rxd8 Bxd8 16. Nc8 Bd7 17. Nd6 Be7 18. Rd1 Bxd6 19. Rxd6 Rd8 20. Ne5 Be8 21. Nc4 Nd5 22. e4 Nde7 23. Rxd8 Nxd8 24. Nd6 Bd7 25. f4 Nc8 26. Nc4 Bb5 27. Kf2 f6 28. Ke3 Kf7 29. g4 Bxc4 30. Bxc4 Nb6 31. Be2 Nc6 32. h4 h6 33. Bc3 Ke7 34. Bb2 Kf7 35. Bd1 Ke7 36. Ba3+ Kf7 37. Bc5 Nd7 38. Bd6 Nf8 39. b4 e5 40. Bb3+ Ke8 41. f5 Nd7 42. Bd5 Nb6 43. Bxc6+ bxc6 44. Kd3 Nd7 45. Bc7 Kf7 46. Kc4 g6 47. h5 gxh5 48. gxh5 Ke7 49. a4 Nf8 50. Kc5 Kd7 51. Ba5 Nh7 52. Kb6 Ng5 53. Kxa6 Nxe4 54. b5 cxb5 55. axb5 Nc5+ 56. Ka7 Nb3 57. Bc3 Nd4 58. b6 Nxf5 59. b7 Ne7 60. Kb6 Nc6 61. Bd2 Nb8 62. Bxh6 Ke6 63. Bf8 Kd5 1-0

[Event "Commonwealth Open 2019"]
[Site "Delhi"]
[Date "2019.07.04"]
[Round "6.2"]
[White "Kulkarni, Bhakti"]
[Black "Narayanan.S.L"]
[Result "1/2-1/2"]
[ECO "D37"]
[WhiteElo "2380"]
[BlackElo "2603"]
[Annotator "ChessBase"]
[PlyCount "90"]
[EventDate "2019.06.30"]
[EventType "swiss"]
[EventCountry "IND"]
[SourceTitle "playchess.com"]
[Source "ChessBase"]
[SourceQuality "1"]
[TimeControl "5400+30"]

1. d4 Nf6 2. c4 e6 3. Nf3 d5 4. Nc3 dxc4 5. e3 a6 6. a4 b6 7. Bxc4 Bb7 8. O-O Bb4 9. Qe2 Nbd7 10. Bd2 O-O 11. Rfd1 Qe7 12. Rac1 e5 13. Nxe5 Nxe5 14. dxe5 Qxe5 15. f4 Qe7 16. Nd5 Bxd5 17. Bxb4 Bxc4 18. Rxc4 c5 19. Bc3 Ne8 20. f5 b5 21. Rf4 f6 22. axb5 axb5 23. Qxb5 Qxe3+ 24. Rf2 Nd6 25. Qe2 Qe4 26. Qxe4 Nxe4 27. Re2 Ra4 28. Be1 Re8 29. b4 Raa8 30. bxc5 Nxc5 31. Rxe8+ Rxe8 32. Bb4 Ne4 33. g4 h5 34. gxh5 Kh7 35. Re1 Kh6 36. Bd2+ Kxh5 37. h3 g6 38. fxg6 Kxg6 39. Kg2 f5 40. Bf4 Kh5 41. Rb1 Rg8+ 42. Kf3 Rc8 43. Rb6 Rc3+ 44. Kg2 Ng5 45. Bxg5 Kxg5 1/2-1/2